 Dungeon Crawl Stone Soup version 0.29-a0-22-gbf593b16ee (webtiles) character file.

Game seed: 800488102711057082

2 innerfire433 the Skirmisher (level 1, 0/18 HPs)
             Began as a Demonspawn Chaos Knight on Jan 29, 2022.
             Was a Plaything of Xom.
             Constricted to death by a ball python (1 damage)
             ... on level 1 of the Dungeon.
             The game lasted 00:00:07 (31 turns).

innerfire433 the Skirmisher (Demonspawn Chaos Knight) Turns: 31, Time: 00:00:08

Health: 0/18       AC:  5    Str: 12    XL:     1   Next: 25%
Magic:  1/1        EV:  8    Int: 13    God:    Xom [..*...]
Gold:   0          SH:  0    Dex: 12    Spells: 0/0 levels left

rFire   . . .      SeeInvis .   a - +0 spear (chaos)
rCold   . . .      Faith    .   (no shield)
rNeg    . . .      Spirit   .   b - +2 leather armour
rPois   .          Reflect  .   (no helmet)
rElec   .          Harm     .   (no cloak)
rCorr   .          Rampage  .   (no gloves)
Will    .....                   (no boots)
Stlth   +.........              (no amulet)
HPRegen 0.06/turn               (no ring)
MPRegen 0.07/turn               (no ring)

@: mighty, constricted
A: no striking features
a: Renounce Religion


You were on level 1 of the Dungeon.
You worshipped Xom.
You were a toy of Xom.
You visited 1 branch of the dungeon, and saw 1 of its levels.

Inventory:

Hand Weapons
 a - a +0 spear of chaos (weapon)
Armour
 b - a +2 leather armour (worn)


   Skills:
 + Level 3.0 Fighting
 + Level 2.7 Polearms
 + Level 1.8 Armour
 + Level 1.0 Dodging


You couldn't memorise any spells.
You didn't know any spells.
Your spell library was empty.

Dungeon Overview and Level Annotations

Branches:
Dungeon (1/15)

Altars:


Message History

The ball python grabs you. The ball python constricts you.
You closely miss the ball python. The ball python bites you.
The ball python constricts you.
The ball python hisses angrily.
You hit the ball python. You burn the ball python.
You kill the ball python!
The ball python bites you but does no damage.
The ball python barely misses you.
Your Dodging skill increases to level 1!
You closely miss the ball python.
The ball python bites you but does no damage.
The ball python grabs you. The ball python constricts you.
You closely miss the ball python. The ball python bites you. x2
The ball python constricts you.
You are too injured to fight recklessly!
You are too injured to fight recklessly!
You are too injured to fight recklessly!
You are too injured to fight recklessly!
You are too injured to fight recklessly!
You barely miss the ball python. The ball python barely misses you.
The ball python constricts you. The ball python bites you.
* * * LOW HITPOINT WARNING * * *
The ball python constricts you.
* * * LOW HITPOINT WARNING * * *
The ball python bites you but does no damage.
You hit the ball python but do no damage.
The ball python is poisoned. "Go forth and cause havoc, mortal!"
You feel very mighty all of a sudden.
The ball python bites you but does no damage.
The ball python barely misses you. The ball python constricts you.
The ball python bites you.
* * * LOW HITPOINT WARNING * * *
You hit the ball python.
You kill the ball python!
The ball python bites you.
* * * LOW HITPOINT WARNING * * *
The ball python closely misses you. The ball python constricts you.
You die...
Xom howls with laughter!

#...........#
#...........#
#...........#
#...........#
#.†.........#
####.....####'#####
#........#...###..#
##.##.....#....#S.##
##.###.#####...>@r..#
#.## #.# #.)..S#...#
.## #.# #....## .....
#.## .## #...## ._.#
.#.# # ...... ...
<.#.# #.#.... ..
.#.#.# #.#.## .
#.###.# #. ## #.#


You could see a quokka and 2 ball pythons.

Vanquished Creatures
  2 ball pythons (D:1)
  A frilled lizard (D:1)
3 creatures vanquished.

Notes
Turn   | Place    | Note
-------+----------+-------------------------------------------
     0 | D:1      | innerfire433 the Demonspawn Chaos Knight began the quest
                  | for the Orb.
     0 | D:1      | Reached XP level 1. HP: 18/18 MP: 1/1
    22 | D:1      | Found a faded altar of an unknown god.
    27 | D:1      | Reached skill level 1 in Dodging
    30 | D:1      | XOM: potion effect (might)
    31 | D:1      | Constricted to death by a ball python

Illustrated notes

Levels and vault maps discovered:
D:1:      minmay_arrival_diagonal_passages, layout_basic,
          nicolae_ecumenical_snake_handling

Skill      XL: |  1 |
---------------+----+-----
Dodging        | 1 |  1.0
Fighting       | |  3.0
Polearms       | |  2.7
Armour         | |  1.8

Action                   || total
-------------------------++-------
Melee: Spear             ||     8
Armor: Leather armour    ||     5
Dodge: Dodged            ||     4

Table legend: (Time is in decaauts)
 A = Elapsed time spent in this place.
 B = Non-inter-level travel time spent in this place.
 C = Inter-level travel time spent in this place.
 D = Time resting spent in this place.
 E = Time spent auto-exploring this place.
 F = Levels seen in this place.
 G = Mean time per level.
                   A        B        C        D        E       F      G
               +--------+--------+--------+--------+--------+-----+--------+
         Total |     30 |     30 |      0 |      0 |     18 |   1 |   30.0 |
       Dungeon |     30 |     30 |      0 |      0 |     18 |   1 |   30.0 |
               +--------+--------+--------+--------+--------+-----+--------+

Top non-repeatable levels by time:
     D:1: 30 daAuts
